 Dungeon Crawl Stone Soup version 0.30-a0-219-gf2db51d15e (webtiles) character file.

Game seed: 15921349196573824025

31922 themarg the Fighter (level 13, -8/146 HPs)
             Began as a Troll Berserker on Oct 7, 2022.
             Was an Elder of Trog.
             Mangled by a five-headed hydra (9 damage)
             ... on level 2 of the Lair of Beasts.
             The game lasted 00:59:25 (12646 turns).

themarg the Fighter (Troll Berserker)              Turns: 12646, Time: 00:59:26

Health: -8/146     AC: 10    Str: 38    XL:     13   Next: 28%
Magic:  0/21       EV: 10    Int:  3    God:    Trog [****..]
Gold:   934        SH:  0    Dex:  9    Spells: 12/12 levels left

rFire   . . .      SeeInvis .    X - +3 scimitar (flame)
rCold   . . .      Faith    .    (no shield)
rNeg    . . .      Spirit   +    O - +0 acid dragon scales
rPois   +          Reflect  .    (helmet restricted)
rElec   .          Harm     .    P - +1 cloak {Stlth+}
rCorr   +          Rampage  .    (gloves unavailable)
Will    +++..                    (boots unavailable)
Stlth   +++.......               k - amulet of guardian spirit
HPRegen 2.24/turn                V - ring of Descent {+Blink Will+ rCorr MP+9 Str+6}
MPRegen 0.17/turn                F - ring of poison resistance

@: mighty, strong-willed, regenerating
A: large, unfitting armour, claws 3, regeneration 1, shaggy fur 1, tough skin 1
a: Renounce Religion, Evoke Blink, Berserk, Trog's Hand, Brothers in Arms


You were on level 2 of the Lair of Beasts.
You worshipped Trog.
Trog was greatly pleased with you.
You visited 2 branches of the dungeon, and saw 13 of its levels.
You visited the Abyss 1 time.
You also visited: Bailey and Gauntlet.

You collected 934 gold pieces.

Inventory:

Hand Weapons
 m - a +0 flail of draining
 X - a +3 scimitar of flaming (weapon)
Missiles
 s - 21 poisoned darts (quivered)
 G - 2 throwing nets
 W - 9 javelins
Armour
 I - a +0 buckler
 O - +0 acid dragon scales (worn)
 P - a +1 cloak of stealth (worn)
Jewellery
 c - a +6 ring of intelligence
 k - an amulet of guardian spirit (around neck)
 p - an amulet of reflection
 u - a +4 ring of evasion
 A - a +6 ring of dexterity
 F - a ring of poison resistance (right claw)
 L - a ring of flight
 Q - a +4 ring of protection
 U - an amulet of reflection
 V - the ring of Descent (left claw) {+Blink Will+ rCorr MP+9 Str+6}
   (You found it in a Gauntlet)

   [ring of strength]

   Str:       It affects your strength (+6).
   MP:        It affects your magic capacity (+9).
   +Blink:    It lets you blink.
   rCorr:     It protects you from acid and corrosion.
   Will:      It increases your willpower.
Wands
 t - a wand of quicksilver (20)
 v - a wand of flame (65)
 y - a wand of digging (8)
 M - a wand of paralysis (4)
 N - a wand of polymorph (13)
Scrolls
 d - a scroll of enchant weapon {unknown}
 f - a scroll of acquirement {unknown}
 g - 3 scrolls of vulnerability
 n - 9 scrolls of fear
 o - 2 scrolls of butterflies {unknown}
 r - 5 scrolls of teleportation
 w - 3 scrolls of poison
 B - a scroll of amnesia {unknown}
 D - a scroll of immolation {unknown}
 E - 2 scrolls of summoning {unknown}
 H - 2 scrolls of enchant armour {unknown}
 J - a scroll of noise {unknown}
 K - 4 scrolls of identify
 R - a scroll of magic mapping {unknown}
Potions
 a - a potion of lignification {unknown}
 b - 3 potions of might
 e - 3 potions of invisibility
 h - 7 potions of flight
 j - 4 potions of haste {unknown}
 l - 2 potions of degeneration {unknown}
 q - 3 potions of cancellation {unknown}
 x - 3 potions of curing
 z - 4 potions of attraction {unknown}
 C - 5 potions of mutation
 T - a potion of resistance {unknown}
Miscellaneous
 S - a phantom mirror


   Skills:
 + Level 14.2 Fighting
 - Level 3.0 Armour
 - Level 5.0 Dodging
 - Level 3.0 Stealth
 - Level 5.0 Shields
 + Level 11.0 Unarmed Combat
 - Level 5.0 Evocations


You had 12 spell levels left.
You didn't know any spells.
Your spell library was empty.

Dungeon Overview and Level Annotations

Branches:
Dungeon (10/15)            Temple (0/1) D:4            Lair (3/5) D:10
 Shoals (0/4) Lair:2        Snake (0/4) Lair:2       Bailey (visited)
Gauntlet (visited)
    Orc: D:9-12

Altars:
Ashenzari
Cheibriados
Gozag
Kikubaaqudgha
Makhleb
Nemelex Xobeh
Qazlal
Trog
Uskayaw
Vehumet
Wu Jian
Yredelemnul
Zin

Shops:
D:3 *   D:4 :   D:7 *

Annotations:
D:1 exclusion: downstairs
D:10 1 runed translucent door, Sonja


Innate Abilities, Weirdness & Mutations

You are too large for most types of armour.
You have claws for hands.
Your natural rate of healing is unusually fast.
You are covered in fur. (AC +1)
You have tough skin. (AC +1)


Message History

The six-headed hydra bites you but does no damage.
The six-headed hydra bites you. x2
The six-headed hydra bites you but does no damage.
The six-headed hydra bites you!
The six-headed hydra bites you but does no damage.
The water moccasin bites you but does no damage.
The six-headed hydra bites you.
The six-headed hydra closely misses you.
The six-headed hydra barely misses you. x2
The six-headed hydra closely misses you.
The six-headed hydra bites you!
* * * LOW HITPOINT WARNING * * *
The water moccasin bites you.
You blink.
You slice one of the six-headed hydra's heads off!
The flame cauterises the wound!
You slash the five-headed hydra! You burn the five-headed hydra.
The five-headed hydra is almost dead.
The five-headed hydra bites you!
* * * LOW HITPOINT WARNING * * *
The five-headed hydra bites you but does no damage. x2
The five-headed hydra bites you!
* * * LOW HITPOINT WARNING * * *
The five-headed hydra bites you!
* * * LOW HITPOINT WARNING * * *
Your skin crawls.
You feel strong-willed. The five-headed hydra bites you!
* * * LOW HITPOINT WARNING * * *
The five-headed hydra bites you but does no damage.
The five-headed hydra closely misses you.
The five-headed hydra bites you but does no damage.
The five-headed hydra bites you!
* * * LOW HITPOINT WARNING * * *
You feel very mighty all of a sudden.
You feel stable enough to blink again.
The five-headed hydra bites you but does no damage.
The five-headed hydra bites you!
* * * LOW HITPOINT WARNING * * *
The five-headed hydra bites you!
You die...

.#.##.#P# #......##### #..##
...##########......#### ##.P#
#.'#####.#............## #.##
..........#..........P.##### #.#
..........#.............#..###'##
..........+........>.....##......
..........###........###..#.....'
..........##.........# ##.'.....P
..........#.#...@....# ###.....#
#####+..#####.##D##.## ##+.###
#...### ####S...## #.##
#######.#.# #>..##.## ##..##
##.#.##'#.## ##)#.###.# #....#
...........###........######...##
..........#.#...P....#..P#####'.#
...........###...........##......
..........## #...##P.#...#..PP##.


You could see a five-headed hydra and a water moccasin.

Vanquished Creatures
  A minotaur (Gauntlet)
  Josephine (Lair:3)
  A hydra (Lair:2)
  A catoblepas (Lair:1)
  Erica (Lair:2)
  2 two-headed ogres
  Urug (Lair:1)
  A tengu warrior (D:10)
  A wretched star (Abyss:1)
  A sixfirhy (Abyss:1)
  Amaemon (Lair:3)
  2 wizards (Gauntlet)
  An oklob plant (Lair:1)
  3 elephants (Lair:1)
  A black mamba (Lair:1)
  An orange demon (Lair:3)
  Maurice (D:9)
  An apocalypse crab (Abyss:1)
  A cane toad (Lair:2)
  A smoke demon (Abyss:1)
  4 komodo dragons
  2 hornets
  A polar bear (Lair:2)
  3 dream sheep (Lair:3)
  3 blink frogs (Lair:2)
  3 raiju (Abyss:1)
  2 centaur simulacra (Gauntlet)
  A shadow (D:10)
  Sigmund (D:2)
  4 wraiths
  2 wyverns
  A ynoxinul (Abyss:1)
  35 yaks
  A chaos spawn (Abyss:1)
  A naga (Lair:2)
  2 steam dragons
  3 large abominations (Abyss:1)
  3 swamp worms (Gauntlet)
  An acid dragon (D:9)
  Duvessa (D:6)
  3 water moccasins
  2 ice beasts
  6 orc warriors
  4 black bears
  2 sky beasts (D:7)
  An ogre (D:5)
  6 wolves (Lair:2)
  A centaur (D:8)
  2 phantoms (D:4)
  12 bullfrogs
  2 kobold brigands
  2 scorpions
  A gnoll sergeant (D:7)
  Dowan (D:6)
  A howler monkey (D:9)
  3 orc priests
  3 jellies
  A wyvern simulacrum (Gauntlet)
  4 gnoll boudas
  3 hounds (D:5)
  3 iguanas
  11 orc wizards
  7 hell rats (Lair:2)
  A mummy (D:6)
  23 gnolls
  5 adders
  3 shadow imps (Gauntlet)
  4 white imps
  3 worms
  A dart slug (D:1)
  50 orcs
  6 bats
  8 endoplasms
  A giant cockroach (D:1)
  5 goblins
  7 hobgoblins
  2 jackals (D:2)
  12 kobolds
  3 quokkas
  2 training dummies (D:6)
  11 ball pythons
  4 frilled lizards
  A kobold zombie (D:6)
  3 orc zombies (D:6)
  7 rats
341 creatures vanquished.

Vanquished Creatures (collateral kills)
  Erolcha (D:9)
  A boulder beetle (Lair:2)
  A two-headed ogre (D:9)
  An orc knight (Bailey)
  2 smoke demons (Abyss:1)
  A komodo dragon (Lair:1)
  2 hellwings (Abyss:1)
  A wraith (Lair:2)
  A steam dragon (D:9)
  An orc warrior (Bailey)
  A centaur (D:9)
  4 goblins (D:9)
17 creatures vanquished.

Vanquished Creatures (others)
  7 fungi
  5 plants
12 creatures vanquished.

Grand Total: 370 creatures vanquished

Notes
Turn   | Place    | Note
-------+----------+-------------------------------------------
     0 | D:1      | themarg the Troll Berserker began the quest for the Orb.
     0 | D:1      | Reached XP level 1. HP: 22/22 MP: 0/0
   118 | D:1      | Reached XP level 2. HP: 29/29 MP: 1/1
   149 | D:1      | Found a faded altar of an unknown god.
   351 | D:1      | Reached ** piety under Trog
   402 | D:1      | Reached XP level 3. HP: 36/36 MP: 2/2
   689 | D:2      | Noticed Sigmund
   779 | D:2      | Identified the +1 pair of gloves "Oklibirgh" {Int+3}
   847 | D:2      | Reached skill level 3 in Fighting
   864 | D:2      | Reached XP level 4. HP: 45/45 MP: 3/3
   931 | D:2      | Killed Sigmund
   932 | D:2      | Reached skill level 5 in Unarmed Combat
   932 | D:2      | Reached XP level 5. HP: 45/54 MP: 2/4
  1397 | D:3      | Found a stormy altar of Qazlal.
  1553 | D:3      | Reached XP level 6. HP: 62/62 MP: 5/5
  1789 | D:3      | Found an opulent altar of Gozag.
  1795 | D:3      | Found Gozag's Platinum Reserve.
  1817 | D:3      | Reached *** piety under Trog
  2228 | D:4      | Reached skill level 4 in Fighting
  2240 | D:4      | Found a sparkling altar of Nemelex Xobeh.
  2308 | D:4      | Found a staircase to the Ecumenical Temple.
  2437 | D:4      | Reached XP level 7. HP: 70/70 MP: 6/6
  2479 | D:4      | Found Beitt's Book Shoppe.
  2698 | D:5      | Entered Level 5 of the Dungeon
  2879 | D:5      | Identified the +3 leather armour "Xamn" {Fly Dex+2}
  3105 | D:5      | Found a hide-covered altar of Uskayaw.
  3237 | D:6      | Reached skill level 5 in Fighting
  3237 | D:6      | Reached XP level 8. HP: 77/80 MP: 4/7
  3419 | D:6      | Found a glowing silver altar of Zin.
  3470 | D:6      | Reached **** piety under Trog
  3650 | D:6      | Noticed Duvessa
  3650 | D:6      | Noticed Dowan
  3654 | D:6      | Killed Dowan
  3660 | D:6      | Killed Duvessa
  3729 | D:6      | Reached skill level 10 in Unarmed Combat
  4255 | D:7      | Reached XP level 9. HP: 88/88 MP: 8/8
  4523 | D:7      | Found a burning altar of Makhleb.
  4674 | D:7      | Found Casucw's Gadget Gallery.
  4926 | D:7      | Identified the +6 short sword of the Fortifying King {vamp,
                  | Str+6 Int+2 Dex-5}
  5054 | D:7      | Reached skill level 6 in Fighting
  5785 | D:8      | Reached skill level 7 in Fighting
  5890 | D:8      | Found a radiant altar of Vehumet.
  6125 | D:9      | Found a bloodstained altar of Trog.
  6126 | D:9      | Found a basalt altar of Yredelemnul.
  6126 | D:9      | Found a snail-covered altar of Cheibriados.
  6126 | D:9      | Found an ancient bone altar of Kikubaaqudgha.
  6285 | D:9      | Noticed a two-headed ogre
  6292 | D:9      | Found a flagged portal.
  6299 | D:9      | Killed a two-headed ogre
  6300 | D:9      | Reached skill level 8 in Fighting
  6303 | D:9      | Reached XP level 10. HP: 46/106 MP: 3/9
  6349 | Bailey   | Entered a bailey
  6409 | Bailey   | Reached ***** piety under Trog
  6444 | Bailey   | Reached skill level 9 in Fighting
  6561 | Bailey   | Noticed an orc knight
  6583 | Bailey   | Killed an orc knight
  6709 | Bailey   | Identified the +6 plate armour of Foac Zip {Rampage}
  6872 | D:9      | Noticed Maurice
  6885 | D:9      | Found a broken altar of Ashenzari.
  6914 | D:9      | Identified the +2 leather armour of Monotheism {Dex+5}
  7076 | D:9      | Noticed a two-headed ogre
  7090 | D:9      | Killed a two-headed ogre
  7187 | D:9      | Reached skill level 10 in Fighting
  7224 | D:9      | Noticed Erolcha
  7229 | D:9      | Killed Erolcha
  7230 | D:9      | Reached skill level 5 in Dodging
  7230 | D:9      | Reached skill level 1 in Stealth
  7230 | D:9      | Reached skill level 1 in Evocations
  7510 | D:9      | Killed Maurice
  7577 | D:10     | Entered Level 10 of the Dungeon
  7577 | D:10     | Noticed a tengu warrior
  7670 | D:10     | Noticed Sonja
  7730 | D:10     | Reached XP level 11. HP: 108/117 MP: 8/10
  7788 | D:10     | Noticed a two-headed ogre
  7807 | D:10     | Killed a two-headed ogre
  8031 | D:10     | Found an ornate altar of the Wu Jian Council.
  8197 | D:10     | Found a staircase to the Lair.
  8219 | D:10     | Found a runed translucent door.
  8253 | D:10     | Killed a tengu warrior
  8339 | Abyss:1  | Cast into level 1 of the Abyss (Sonja)
  8400 | Abyss:1  | Noticed a sixfirhy
  8404 | Abyss:1  | Killed a sixfirhy
  8438 | Abyss:1  | Found a corrupted altar of Lugonu.
  8450 | Abyss:1  | Found a corrupted altar of Lugonu.
  8461 | Abyss:1  | Reached skill level 5 in Evocations
  8485 | Abyss:1  | Reached skill level 1 in Armour
  8485 | Abyss:1  | Noticed a wretched star
  8499 | Abyss:1  | Killed a wretched star
  8540 | Abyss:1  | HP: 4/118 [smoke demon/divine providence (8)]
  8558 | Abyss:1  | Noticed a large abomination
  8571 | Abyss:1  | Killed a large abomination
  8642 | D:10     | Escaped the Abyss
  8780 | D:10     | Noticed an orc knight
  8802 | Lair:1   | Entered Level 1 of the Lair of Beasts
  8802 | Lair:1   | Noticed Urug
  8810 | Lair:1   | Noticed a catoblepas
  8813 | Lair:1   | Killed Urug
  8814 | Lair:1   | Reached skill level 11 in Fighting
  8820 | Lair:1   | Reached XP level 12. HP: 29/130 MP: 2/11
  8829 | Lair:1   | Killed a catoblepas
  8999 | Lair:1   | Reached skill level 1 in Shields
  9167 | Lair:1   | Reached skill level 12 in Fighting
  9941 | Lair:2   | Found a staircase to the Shoals.
 10291 | Lair:2   | Reached skill level 5 in Shields
 10553 | Lair:2   | Found a staircase to the Snake Pit.
 10576 | Lair:2   | Noticed a seven-headed hydra
 10608 | Lair:3   | Noticed Josephine
 10608 | Lair:3   | Noticed a boulder beetle
 10608 | Lair:3   | Found a gate leading to a gauntlet.
 10611 | Gauntlet | Entered a Gauntlet
 10611 | Gauntlet | Found a transporter.
 10685 | Gauntlet | Found a transporter.
 10687 | Gauntlet | Found a transporter.
 10702 | Gauntlet | Found a transporter.
 10703 | Gauntlet | Found a transporter.
 10706 | Gauntlet | Noticed a great orb of eyes
 10714 | Gauntlet | Found a transporter.
 10730 | Gauntlet | Found a transporter.
 10740 | Gauntlet | Found a transporter.
 10744 | Gauntlet | Found a transporter.
 10747 | Gauntlet | Found a transporter.
 10764 | Gauntlet | Found a transporter.
 10769 | Gauntlet | Found a transporter.
 10770 | Gauntlet | Found a transporter.
 10805 | Gauntlet | Found a transporter.
 10817 | Gauntlet | Found a runed translucent door.
 10921 | Gauntlet | Reached skill level 13 in Fighting
 11013 | Gauntlet | Identified the ring of Descent {+Blink Will+ rCorr MP+9
                  | Str+6}
 11159 | Gauntlet | Noticed a minotaur
 11167 | Gauntlet | Killed a minotaur
 11389 | Lair:2   | Noticed Erica
 11401 | Lair:2   | Killed Erica
 11402 | Lair:2   | Reached XP level 13. HP: 69/144 MP: 10/12
 12392 | Lair:3   | Killed Josephine
 12393 | Lair:3   | Reached skill level 14 in Fighting
 12419 | Lair:3   | Noticed Amaemon
 12434 | Lair:3   | Killed Amaemon
 12645 | Lair:2   | HP: 7/146 [five-headed hydra (6)]
 12646 | Lair:2   | HP: 1/146 [five-headed hydra (9)]
 12646 | Lair:2   | Mangled by a five-headed hydra

Illustrated notes

Levels and vault maps discovered:
D:1:      tarquinn_simple_flora_water_d, layout_loops_ring,
          ebering_ecumenical_altar_ruins, minmay_indecisive_spiral
D:2:      layout_loops_ring, uniq_sigmund
D:3:      layout_basic, grunt_qazlal_clouds, nicolae_gozag_zags_fifth_avenue
D:4:      layout_cave_pools, lemuel_doored_altar, minmay_temple_entry_slanted,
          serial_shops, kennysheep_little_box, st_stairs_11,
          kennysheep_generic_room_3
D:5:      layout_rooms, nicolae_uskayaw_suspiria, grunt_decor_arrowhead
D:6:      dreamdust_elfheim, layout_cave_pools, zin_academy,
          hangedman_decor_slide_cut, minmay_mini_ossuary
D:7:      layout_basic, nicolae_overflow_crystal_walls, serial_co_window_serial,
          co_window_paths_a, co_window_corner_a, co_window_corner_a,
          co_window_corner_a, co_window_cross_1, co_window_paths_b,
          co_window_paths_b, co_window_broadway_c, co_window_2corner,
          co_window_broadway_b, co_window_broadway_a, co_window_unsneaky_path_c,
          co_window_4corner_b, glass_columns_b, glass_columns_a,
          glass_columns_b, glass_columns_b, dk_vineyard_1, st_stairs_3,
          nicolae_shop_gadgets
D:8:      layout_loops_ring, mainiacjoe_overflow_alcove_4
D:9:      layout_gridville, ashenzari_altar_1,
          chequers_temple_overflow_statue_of_worship, enter_bailey_3,
          uniq_maurice, uniq_erolcha
D:10:     layout_loops_ring, pf_just_have_faith, lair_entry_dummy,
          nrook_campfire, minmay_liquid_box, lightli_church_of_beogh, uniq_sonja
Lair:1:   layout_long_grid, chequers_serial_rivers_large_a,
          minmay_lair_oklob_items, infiniplex_staircase_pool_2,
          lemuel_fruit_fields, uniq_urug
Lair:2:   layout_roguey, shoals_dummy_entry, guppyfry_snake_entry_garden,
          beast_lair_carwin_5, uniq_erica
Lair:3:   layout_misc_corridors, gauntlet_entry_generic,
          nicolae_lair_grove_arrangements, st_stairs_13,
          dreamdust_gnoll_shepherd, serial_bayou_shore_b, lemuel_fruit_tree,
          uniq_josephine, uniq_amaemon

Skill      XL: |  1  2  3  4  5  6  7  8  9 10 11 12 13 |
---------------+----------------------------------------+-----
Unarmed Combat | 4 5 6 8 10 11 | 11.0
Fighting       | 3 4 5 8 10 11 13 14 | 14.2
Dodging        | 5 |  5.0
Stealth        | 1 3 |  3.0
Evocations     | 2 5 |  5.0
Armour         | 3 |  3.0
Shields        | 5 |  5.0

Action                   |  1- 3 |  4- 6 |  7- 9 | 10-12 | 13-15 || total
-------------------------+-------+-------+-------+-------+-------++-------
Melee: Unarmed           |   101 |    83 |   276 |   519 |    67 ||  1046
       Punch             |     1 |       |     9 |    41 |     8 ||    59
       Scimitar          |       |       |       |       |    22 ||    22
Invok: Trog's Hand       |       |       |     1 |     6 |     3 ||    10
       Brothers in Arms  |       |       |     1 |     4 |     1 ||     6
       Berserk           |       |       |     1 |     4 |     1 ||     6
 Abil: Evoke Blink       |       |       |       |       |     2 ||     2
Evoke: Wand              |       |       |       |     1 |       ||     1
  Use: Scroll            |       |       |     5 |     8 |       ||    13
       Potion            |       |       |       |     7 |     2 ||     9
 Stab: Sleeping          |     1 |     1 |       |       |     1 ||     3
       Distracted        |       |       |     1 |     1 |       ||     2
Armor: Animal skin       |    22 |    19 |    56 |    13 |       ||   110
       Acid dragon scale |       |       |       |   209 |    95 ||   304
Dodge: Dodged            |    58 |    28 |   122 |   294 |    99 ||   601

Table legend: (Time is in decaauts)
 A = Elapsed time spent in this place.
 B = Non-inter-level travel time spent in this place.
 C = Inter-level travel time spent in this place.
 D = Time resting spent in this place.
 E = Time spent auto-exploring this place.
 F = Levels seen in this place.
 G = Mean time per level.
                   A        B        C        D        E       F      G
               +--------+--------+--------+--------+--------+-----+--------+
         Total |  12696 |  12193 |    503 |   1332 |   7163 |  16 |  793.5 |
       Dungeon |   8094 |   7757 |    337 |    439 |   5505 |  10 |  809.4 |
          Lair |   3232 |   3067 |    165 |    626 |   1513 |   3 | 1077.3 |
         Abyss |    298 |    298 |      0 |      0 |      0 |   1 |  298.0 |
        Bailey |    416 |    416 |      0 |    100 |     70 |   1 |  416.0 |
      Gauntlet |    654 |    654 |      0 |    167 |     73 |   1 |  654.0 |
               +--------+--------+--------+--------+--------+-----+--------+

Top non-repeatable levels by time:
  Lair:2: 1558 daAuts
  Lair:1: 1493 daAuts
     D:7: 1353 daAuts
     D:9: 1214 daAuts
    D:10: 803 daAuts
     D:8: 786 daAuts
     D:6: 777 daAuts
     D:3: 726 daAuts
     D:1: 711 daAuts
     D:2: 663 daAuts
Gauntlet: 654 daAuts
     D:4: 586 daAuts
     D:5: 470 daAuts
  Bailey: 416 daAuts
 Abyss:1: 298 daAuts
